 Dungeon Sprint DCSS version 0.20.1-1-g8b1a95d (webtiles) character file.

38521 potatolord6000 the Warrior (level 13, -9/136 HPs)
             Began as a Minotaur Fighter on Aug 29, 2017.
             Was the Champion of Qazlal.
             Killed from afar by a blizzard demon (24 damage)
             ... with a bolt of lightning
             ... in the Dungeon (Sprint VII: "The Pits").
             The game lasted 00:19:10 (2473 turns).

potatolord6000 the Warrior (Minotaur Fighter)       Turns: 2473, Time: 00:19:10

Health: -9/136     AC: 29    Str: 31    XL:     13   Next: 64%
Magic:  22/25      EV: 11    Int: 10    God:    Qazlal [******]
Gold:   17         SH: 38    Dex: 10    Spells: 31/31 levels left

rFire    . . .     SeeInvis .   r - +11 falchion of the Lair of Beasts {slice, rPois rC++}
rCold    + + +     Gourm    .   C - +1 large shield
rNeg     . . .     Faith    .   E - +6 chain mail {rPois}
rPois    +         Spirit   .   (helmet restricted)
rElec    .         Reflect  +   i - +2 cloak {+Inv}
rCorr    .         Harm     .   u - +0 pair of gloves
MR       .....     NoTele   +   c - +1 pair of boots
Stlth    ..........             y - amulet "Ziun" {Reflect *Drain +Fly Int+2 SH+6}
Regen    0.4/turn               b - +3 ring of evasion
MPRegen  0.2/turn               d - +3 ring of intelligence

@: mighty, protected from cold, hasted, repel missiles, very quick
A: retaliatory headbutt, horns 2
a: Upheaval, Elemental Force, Disaster Area, Renounce Religion, Evoke
Invisibility, Evoke Flight


You were in the Dungeon.
You worshipped Qazlal.
Qazlal was exalted by your worship.
You were not hungry.

You visited 1 branch You collected 17 gold pieces.

Inventory:

Hand Weapons
 r - the +11 falchion of the Lair of Beasts (weapon) {slice, rPois rC++}
   (You found it in the Dungeon)

   It inflicts extra damage upon your enemies.
   It greatly protects you from cold.
   It protects you from poison.
Armour
 c - a +1 pair of boots (worn)
 i - a +2 cloak of invisibility (worn)
 u - a +0 pair of gloves (worn)
 C - a +1 large shield (worn)
 E - a +6 chain mail of poison resistance (worn)
Jewellery
 b - a +3 ring of evasion (left hand)
 d - a +3 ring of intelligence (right hand)
 y - the amulet "Ziun" (around neck) {Reflect *Drain +Fly Int+2 SH+6}
   (You found it in the Dungeon)

   [amulet of reflection]

   It shields you and reflects attacks.
   It affects your intelligence (+2).
   It lets you fly.
   It causes draining when unequipped.
   It affects your SH (+6).
Scrolls
 k - 2 scrolls of blinking
 m - 3 scrolls of remove curse
 n - 5 scrolls of amnesia
 o - a scroll of summoning
 w - 4 scrolls of identify
 x - a scroll of silence
 z - 2 scrolls of fog
 A - 2 scrolls of recharging
 B - a scroll of fear
 D - a scroll of enchant weapon
Potions
 a - 2 potions of invisibility
 e - 6 potions of curing
 h - a potion of brilliance
 j - 5 potions of berserk rage
 l - a potion of haste
Comestibles
 f - 8 bread rations
 p - 40 fruits
 q - 5 meat rations


   Skills:
 + Level 18.4 Fighting
 + Level 18.2 Long Blades
 + Level 18.3 Armour
 + Level 18.2 Shields
 + Level 9.8 Spellcasting
 + Level 15.0 Invocations


You had 31 spell levels left.
You didn't know any spells.

Dungeon Overview and Level Annotations

Branches:
Dungeon (1/1)

Altars:
Ashenzari
Cheibriados
Dithmenos
Elyvilon
Fedhas
Gozag
Hepliaklqana
Kikubaaqudgha
Makhleb
Nemelex Xobeh
Okawaru
Qazlal
Ru
Sif Muna
Trog
Uskayaw
Vehumet
Xom
Yredelemnul
Zin
The Shining One
Beogh
Jiyva
Lugonu


Innate Abilities, Weirdness & Mutations

You reflexively headbutt those who attack you in melee.
You have a pair of horns on your head.


Message History

Qazlal accepts your kill.
Your Invocations skill increases to level 15!
Unknown command.
There is a large open door to the Hallway of Sentries (Extremely Hard) here.
You hear a shout!
You close the large door.
Okay, then.
You open the door.
A blizzard demon comes into view.
The blizzard demon shouts!
You close the door.
A blizzard demon opens the door.
You close the door.
A blizzard demon opens the door.
There is an open door here.
You slice the blizzard demon!! You headbutt the blizzard demon!
The blizzard demon is severely wounded.
The blizzard demon gestures at you. The bolt of lightning hits you!
* * * LOW HITPOINT WARNING * * *
The bolt of lightning hits you!
You die...

#+# #2# #@# #.#
#+#
################+#
.........).......#
.................#
)##############..#
).).#.#(#.#[[[#..#
))#.#.#(#[#[#[#..#


You could see a blizzard demon.

Vanquished Creatures
  An Ice Fiend (D)
  Kirke (D)
  2 orc warlords (D)
  A merfolk javelineer (D)
  A yaktaur captain (D)
  2 naga warriors (D)
  A rakshasa (D)
  A hell beast (D)
  3 vault guards (D)
  A death knight (D)
  4 two-headed ogres (D)
  An ogre mage (D)
  5 death yaks (D)
  A large abomination (D)
  2 deep elf knights (D)
  An unseen horror (D)
  A lindwurm (D)
  A phantasmal warrior (D)
  12 orc knights (D)
  An elephant (D)
  2 manticores (D)
  2 molten gargoyles (D)
  2 eyes of devastation (D)
  2 kobold demonologists (D)
  2 demonic crawlers (D)
  A freezing wraith (D)
  A rime drake (D)
  2 orange demons (D)
  A komodo dragon (D)
  3 trolls (D)
  3 jumping spiders (D)
  3 merfolk (D)
  A hippogriff (D)
  A bog body (D)
  A water elemental (D)
  A flying skull (D)
  A spriggan (D)
  A vampire (D)
  A basilisk (D)
  A ynoxinul (D)
  5 yaks (D)
  A wraith (D)
  3 hogs (D)
  A hungry ghost (D)
  3 insubstantial wisps (D)
  A floating eye (D)
  5 hell hounds (D)
  A phantom (D)
  An orc warrior (D)
  3 ogres (D)
  3 big kobolds (D)
  10 wights (D)
  A hound (D)
  An orc priest (D)
  A hell rat (D)
  Terence (D)
  A worker ant (D)
  2 gnolls (D)
  3 river rats (D)
  2 white imps (D)
  3 ufetubi (D)
  A worm (D)
  5 orcs (D)
  A ball python (D)
  A bat (D)
  A bat skeleton (D)
  A giant cockroach (D)
  A hobgoblin (D)
  2 jackals (D)
  A frilled lizard (D)
  4 kobolds (D)
  A leopard gecko skeleton (D)
  A rat (D)
147 creatures vanquished.

Vanquished Creatures (others)
  A quasit (D)
  An ufetubus (D)
2 creatures vanquished.

Grand Total: 149 creatures vanquished

Notes
Turn   | Place    | Note
-------+----------+-------------------------------------------
     0 | D        | potatolord6000 the Minotaur Fighter began the quest for the Orb.
     0 | D        | Reached XP level 1. HP: 19/19 MP: 0/0
    48 | D        | Found a bloodstained altar of Trog.
    48 | D        | Found a deep blue altar of Sif Muna.
    48 | D        | Found a viscous altar of Jiyva.
    48 | D        | Found a hazy altar of Hepliaklqana.
    48 | D        | Found an opulent altar of Gozag.
    49 | D        | Found a glowing golden altar of the Shining One.
    49 | D        | Found a glowing silver altar of Zin.
    49 | D        | Found a basalt altar of Yredelemnul.
    49 | D        | Found a shimmering altar of Xom.
    49 | D        | Found a sacrificial altar of Ru.
    49 | D        | Found a stormy altar of Qazlal.
    49 | D        | Found an iron altar of Okawaru.
    49 | D        | Found a sparkling altar of Nemelex Xobeh.
    49 | D        | Found a burning altar of Makhleb.
    49 | D        | Found a blossoming altar of Fedhas.
    49 | D        | Found a white marble altar of Elyvilon.
    49 | D        | Found a shadowy altar of Dithmenos.
    49 | D        | Found a snail-covered altar of Cheibriados.
    52 | D        | Found a corrupted altar of Lugonu.
    52 | D        | Found a radiant altar of Vehumet.
    52 | D        | Found a roughly hewn altar of Beogh.
    53 | D        | Found an ancient bone altar of Kikubaaqudgha.
    53 | D        | Found a hide-covered altar of Uskayaw.
    53 | D        | Found a shattered altar of Ashenzari.
    56 | D        | Became a worshipper of Qazlal Stormbringer
    71 | D        | Noticed a floating eye
    74 | D        | Killed a floating eye
    74 | D        | Reached skill level 5 in Long Blades
    74 | D        | Reached XP level 2. HP: 31/31 MP: 1/1
    74 | D        | Reached XP level 3. HP: 38/38 MP: 2/2
    74 | D        | Reached XP level 4. HP: 45/45 MP: 3/3
    83 | D        | Reached * piety under Qazlal
    92 | D        | Reached ** piety under Qazlal
   178 | D        | Noticed a hungry ghost
   179 | D        | Noticed an ogre
   182 | D        | Noticed a phantom
   186 | D        | Killed an ogre
   186 | D        | Reached XP level 5. HP: 53/53 MP: 3/6
   187 | D        | Killed a hungry ghost
   187 | D        | Reached *** piety under Qazlal
   187 | D        | Reached XP level 6. HP: 62/62 MP: 3/8
   198 | D        | Reached **** piety under Qazlal
   220 | D        | Reached skill level 5 in Invocations
   223 | D        | Noticed a rime drake
   229 | D        | Killed a rime drake
   229 | D        | Reached XP level 7. HP: 58/71 MP: 6/10
   287 | D        | Noticed a flying skull
   302 | D        | Killed a flying skull
   302 | D        | Reached ***** piety under Qazlal
   302 | D        | Reached skill level 10 in Fighting
   302 | D        | Reached skill level 10 in Armour
   302 | D        | Reached skill level 10 in Shields
   324 | D        | Noticed an orange demon
   326 | D        | Killed an orange demon
   326 | D        | Reached skill level 10 in Long Blades
   326 | D        | Reached XP level 8. HP: 81/81 MP: 2/12
   479 | D        | Noticed a jumping spider
   480 | D        | Noticed a molten gargoyle
   488 | D        | Killed a jumping spider
   488 | D        | Reached skill level 1 in Spellcasting
   488 | D        | Killed a molten gargoyle
   488 | D        | Reached XP level 9. HP: 38/89 MP: 12/14
   715 | D        | Noticed an elephant
   715 | D        | Noticed a jumping spider
   715 | D        | Noticed a freezing wraith
   715 | D        | Noticed an ogre mage
   715 | D        | Noticed a two-headed ogre
   715 | D        | Noticed a two-headed ogre
   715 | D        | Noticed a two-headed ogre
   715 | D        | Noticed a two-headed ogre
   715 | D        | Noticed an orange demon
   718 | D        | Killed a freezing wraith
   724 | D        | Killed a two-headed ogre
   730 | D        | Killed an orange demon
   740 | D        | Killed an elephant
   747 | D        | Killed an ogre mage
   747 | D        | Reached XP level 10. HP: 68/100 MP: 14/16
   751 | D        | Killed a two-headed ogre
   754 | D        | Killed a two-headed ogre
   754 | D        | Reached skill level 10 in Invocations
   755 | D        | Killed a two-headed ogre
   755 | D        | Reached ****** piety under Qazlal
   788 | D        | Noticed Terence
   788 | D        | Killed Terence
   789 | D        | Reached skill level 5 in Spellcasting
   791 | D        | Noticed a manticore
   810 | D        | Killed a manticore
   815 | D        | Noticed a lindwurm
   824 | D        | Reached XP level 11. HP: 50/110 MP: 2/18
   834 | D        | Killed a lindwurm
  1025 | D        | Noticed a phantasmal warrior
  1025 | D        | Noticed a death yak
  1025 | D        | Noticed a death yak
  1025 | D        | Noticed a death yak
  1025 | D        | Noticed a death yak
  1027 | D        | Noticed a death yak
  1028 | D        | Noticed a death knight
  1031 | D        | Killed an unseen horror
  1033 | D        | Noticed Kirke
  1036 | D        | Killed a death yak
  1042 | D        | Killed a death yak
  1049 | D        | HP: 3/111 [phantasmal warrior (35)]
  1053 | D        | Killed a death knight
  1053 | D        | Reached skill level 15 in Fighting
  1053 | D        | Reached skill level 15 in Armour
  1053 | D        | Reached skill level 15 in Shields
  1053 | D        | Killed a death yak
  1053 | D        | Reached skill level 15 in Long Blades
  1053 | D        | Killed a death yak
  1054 | D        | Killed a death yak
  1054 | D        | Killed Kirke
  1054 | D        | Reached XP level 12. HP: 15/122 MP: 12/21
  1057 | D        | HP: 4/122 [phantasmal warrior (21)]
  1507 | D        | Got the amulet "Ziun" {Reflect *Drain +Fly Int+2 SH+6}
  1602 | D        | Noticed a rakshasa
  1614 | D        | Killed a rakshasa
  1815 | D        | Noticed an orc warlord
  1815 | D        | Noticed a naga warrior
  1817 | D        | Noticed a vault guard
  1817 | D        | Noticed an orc warlord
  1817 | D        | Noticed a vault guard
  1818 | D        | Noticed a merfolk javelineer
  1820 | D        | Noticed a yaktaur captain
  1822 | D        | Noticed a hell beast
  1822 | D        | Killed an orc warlord
  1827 | D        | Noticed a naga warrior
  1827 | D        | Killed a vault guard
  1833 | D        | Reached XP level 13. HP: 79/132 MP: 6/24
  1837 | D        | Killed a merfolk javelineer
  1840 | D        | Killed an orc warlord
  2363 | D        | Got the +11 falchion of the Lair of Beasts {slice, rPois rC++}
  2441 | D        | Noticed an Ice Fiend
  2465 | D        | Killed an Ice Fiend
  2465 | D        | Reached skill level 15 in Invocations
  2469 | D        | Noticed a blizzard demon
  2473 | D        | Killed from afar by a blizzard demon

Skill      XL: |  1  2  3  4  5  6  7  8  9 10 11 12 13 |
---------------+----------------------------------------+-----
Fighting       | 6 7 8 9 10 11 12 14 15 17 18 | 18.4
Long Blades    | 5 7 8 9 10 11 12 13 15 17 18 | 18.2
Armour         | 6 7 8 9 10 11 12 14 15 17 18 | 18.3
Shields        | 6 7 8 9 10 11 12 13 15 17 18 | 18.2
Invocations    | 2 4 5 6 8 9 10 12 13 15 | 15.0
Spellcasting   | 1 3 5 7 8 9 |  9.8

Action                   |  1- 3 |  4- 6 |  7- 9 | 10-12 | 13-15 || total
-------------------------+-------+-------+-------+-------+-------++-------
Melee: Falchion          |     3 |    37 |    49 |       |    19 ||   108
       Long sword        |     3 |       |       |       |       ||     3
       Headbutt          |     1 |    10 |    18 |    45 |    14 ||    88
       Scimitar          |       |       |    29 |   143 |    22 ||   194
       Unarmed           |       |       |       |     1 |       ||     1
Invok: Upheaval          |       |       |     7 |    11 |     1 ||    19
       Disaster Area     |       |       |     1 |     6 |     1 ||     8
       Elemental Force   |       |       |       |     1 |       ||     1
  Use: Potion            |       |     3 |     2 |    11 |     9 ||    25
       Scroll            |       |       |       |     2 |       ||     2
  Eat: Meat ration       |       |       |     1 |     1 |       ||     2
Armor: Scale mail        |     1 |    10 |       |       |       ||    11
       Plate armour      |       |     6 |    39 |    95 |    11 ||   151
       Chain mail        |       |       |       |       |     2 ||     2
Dodge: Dodged            |       |     6 |    15 |    35 |     7 ||    63
       Deflected         |       |       |       |     2 |     1 ||     3
Block: Shield            |     1 |    26 |    74 |   167 |    46 ||   314
       Other             |       |       |       |     2 |       ||     2
       Reflection        |       |       |       |     2 |     2 ||     4
       Large shield      |       |       |       |       |    11 ||    11
       Rpst.: Falchion   |       |     2 |       |       |     1 ||     3
       Scimitar          |       |       |       |     5 |     2 ||     7
